 Dungeon Crawl Stone Soup version 0.27-a0-1105-g946c659c87 (webtiles) character file.

Game seed: 4753095445202295663

429 kae the Agent of Entropy (level 6, 0/48 HPs)
             Began as a Demonspawn Abyssal Knight on Apr 29, 2021.
             Was a Priest of Lugonu.
             Slain by a wyvern skeleton (9 damage)
             ... on level 4 of the Dungeon.
             The game lasted 00:04:34 (6608 turns).

kae the Agent of Entropy (DsAK)                     Turns: 6608, Time: 00:04:35

Health: 0/48       AC: 11    Str: 15    XL:     6   Next: 66%
Magic:  8/9        EV: 12    Int: 13    God:    Lugonu [***...]
Gold:   165        SH:  0    Dex: 12    Spells: 5/5 levels left

rFire    . . .     SeeInvis .   a - +2 falchion
rCold    . . .     Faith    .   (no shield)
rNeg     . . .     Spirit   .   b - +0 leather armour
rPois    .         Reflect  .   (no helmet)
rElec    .         Harm     .   n - +0 cloak
rCorr    .         Rampage  .   (no gloves)
Will     +....                  i - +0 pair of boots
Stlth    +.........             (no amulet)
HPRegen  0.16/turn              c - ring of willpower
MPRegen  0.11/turn              h - +4 ring of protection

@: no status effects
A: claws 2, yellow scales 1
a: Renounce Religion, Depart the Abyss, Bend Space, Banish


You were on level 4 of the Dungeon.
You worshipped Lugonu.
Lugonu was most pleased with you.
You visited 1 branch of the dungeon, and saw 4 of its levels.
You visited the Abyss 1 time.

You collected 165 gold pieces.

Inventory:

Hand Weapons
 a - a +2 falchion (weapon)
Missiles
 d - 8 curare-tipped darts
 f - a throwing net
Armour
 b - a +0 leather armour (worn)
 i - a +0 pair of boots (worn)
 n - a +0 cloak (worn)
Jewellery
 c - a ring of willpower (left claw)
 h - a +4 ring of protection (right claw)
 k - the ring "Iqephal" {rC+ SInv}
   (You found it on level 4 of the Dungeon)

   [ring of see invisible]

   It protects you from cold.
   It lets you see invisible.
Scrolls
 l - a scroll of enchant armour {unknown}
 m - a scroll of identify
Potions
 e - a potion of cancellation
 g - a potion of haste
 j - a potion of brilliance


   Skills:
 + Level 4.1 Fighting
 - Level 2.0 Long Blades
 + Level 3.1 Armour
 + Level 2.4 Dodging
 * Level 3.2 Unarmed Combat
 + Level 4.4 Invocations


You had 5 spell levels left.
You didn't know any spells.
Your spell library was empty.

Dungeon Overview and Level Annotations

Branches:
Dungeon (4/15)
 Temple: D:4-7

Altars:
Elyvilon
Fedhas
Ru
Uskayaw
The Shining One

Shops:
D:3 (:   D:4 =


Innate Abilities, Weirdness & Mutations

You have very sharp fingernails.
You are partially covered in yellow scales. (AC +2)


Message History

You hit the orc.
The orc is severely wounded.
The wyvern skeleton completely misses you.
The orc closely misses you.
You riposte.
You hit the orc. Your claw misses the orc.
The orc is almost dead.
You slash the orc!
You kill the orc!
Lugonu accepts your kill.
The orc priest looks encouraged for a moment.
The orc barely misses you. The wyvern skeleton bites you.
You hit the orc.
The orc is heavily wounded.
The orc hits you but does no damage. The orc barely misses you.
The orc closely misses you.
You riposte.
You hit the orc.
The orc is lightly wounded.
The wyvern skeleton closely misses you.
You hit the orc.
You kill the orc!
Lugonu accepts your kill. The wyvern skeleton barely misses you.
The orc hits you but does no damage. The orc hits you with a +0 club.
The wyvern skeleton barely misses you.
You riposte.
You slash the wyvern skeleton!
The wyvern skeleton is heavily damaged.
The orc hits you but does no damage.
You hit the orc priest but do no damage.
The orc priest is heavily wounded.
The orc hits you with a +0 club. The wyvern skeleton barely misses you.
The orc priest mumbles some strange prayers to Beogh against you.
Beogh smites you! The orc hits you but does no damage.
The orc barely misses you.
You hit the orc priest but do no damage.
You claw the orc priest.
The orc priest is severely wounded.
The wyvern skeleton misses you.
The orc priest invokes the aid of Beogh against you.
Beogh smites you!
* * * LOW HITPOINT WARNING * * *
The orc hits you but does no damage. The wyvern skeleton bites you!
You die...

#...g.g...# #.#..# #>.....
......########.#
#...####....#. .#....
#.#####.....##...#.. ......
#............#...#.# ......
#####..#....#.......# .....g
#......)....##....### .#....
#.........#.......# .#.....
#.(Zoo...<...<...## ..(
#...@o...........##
....####.>...............#
...#....#...............#
#......................#
....#..#..##..........# #
###.#.....###.........###
####..).....#######.#...#⌠
.......#.##....#### #.#.....
...............†..###.#....⌠


You could see an orc priest, 2 orcs and a wyvern skeleton.

Vanquished Creatures
  2 necrophages (D:4)
  A hound (D:4)
  An iguana (D:4)
  Robin (D:2)
  4 gnolls
  6 adders
  2 worms
  5 dart slugs
  2 orcs (D:4)
  8 ball pythons
  3 bats
  7 endoplasms
  7 giant cockroaches
  13 goblins
  13 hobgoblins
  5 kobolds
  3 quokkas
  2 frilled lizards (D:1)
  3 rats
88 creatures vanquished.

Notes
Turn   | Place    | Note
-------+----------+-------------------------------------------
     0 | Abyss:1  | kae the Demonspawn Abyssal Knight began the quest for the
                  | Orb.
     0 | Abyss:1  | Reached XP level 1. HP: 18/18 MP: 2/2
   140 | D:1      | Escaped the Abyss
   183 | D:1      | Reached skill level 1 in Dodging
   294 | D:1      | Gained mutation: You have sharp fingernails. [demonic
                  | ancestry]
   294 | D:1      | Reached XP level 2. HP: 14/24 MP: 3/3
  1384 | D:1      | Gained mutation: You have very sharp fingernails. [demonic
                  | ancestry]
  1384 | D:1      | Reached XP level 3. HP: 29/29 MP: 5/5
  1551 | D:2      | Found a faded altar of an unknown god.
  1635 | D:2      | Reached ** piety under Lugonu
  1874 | D:2      | Reached skill level 1 in Unarmed Combat
  2025 | D:2      | Found a sacrificial altar of Ru.
  2767 | D:2      | Reached XP level 4. HP: 31/35 MP: 6/6
  2836 | D:3      | Found Midyit's Antique Weapon Boutique.
  2845 | D:3      | Noticed Robin
  3141 | D:2      | HP: 1/35 [Robin/+0 mace (3)]
  3476 | D:2      | Killed Robin
  4121 | D:3      | Found a faded altar of an unknown god.
  4131 | D:3      | Found a blossoming altar of Fedhas.
  4133 | D:3      | Found a hide-covered altar of Uskayaw.
  4273 | D:3      | Reached *** piety under Lugonu
  4516 | D:3      | Reached XP level 5. HP: 32/41 MP: 7/7
  4730 | D:3      | Found Egaoleet's Book Boutique.
  4869 | D:4      | Noticed an ogre
  4927 | D:4      | Identified the ring "Iqephal" {rC+ SInv}
  4929 | D:4      | Found Zazoboez's Jewellery Shop.
  5310 | D:4      | Noticed a necrophage
  5683 | D:3      | HP: 2/42 [poisoned by a gnoll]
  6034 | D:4      | Killed a necrophage
  6035 | D:4      | Gained mutation: You are partially covered in yellow
                  | scales. (AC +2) [demonic ancestry]
  6035 | D:4      | Reached XP level 6. HP: 30/48 MP: 7/9
  6608 | D:4      | Slain by a wyvern skeleton

Illustrated notes

Levels and vault maps discovered:
D:1:      dpeg_arrival_rooms_c, layout_basic
D:2:      layout_basic, hellmonk_ecumenical_altar_pennies_from_heaven,
          basic_altar
D:3:      layout_loops_cross, chequers_temple_overflow_minitemple, serial_shops,
          shop, shop, uniq_robin
D:4:      layout_rooms, serial_shops, shop_fountains, minmay_strange_pillars

Skill      XL: |  1  2  3  4  5  6 |
---------------+-------------------+-----
Dodging        | 1 2 |  2.4
Long Blades    | 2 |  2.0
Armour         | 2 3 |  3.1
Invocations    | 3 4 |  4.4
Unarmed Combat | 1 2 3 |  3.2
Fighting       | 4 |  4.1

Action                   |  1- 3 |  4- 6 || total
-------------------------+-------+-------++-------
Melee: Falchion          |   118 |   186 ||   304
       Punch             |       |     4 ||     4
Invok: Bend Space        |       |     3 ||     3
  Use: Scroll            |     3 |     2 ||     5
       Potion            |       |     3 ||     3
Armor: Leather armour    |    23 |    80 ||   103
Dodge: Dodged            |    87 |   142 ||   229
       Rpst.: Falchion   |    27 |    46 ||    73

Table legend: (Time is in decaauts)
 A = Elapsed time spent in this place.
 B = Non-inter-level travel time spent in this place.
 C = Inter-level travel time spent in this place.
 D = Time resting spent in this place.
 E = Time spent auto-exploring this place.
 F = Levels seen in this place.
 G = Mean time per level.
                   A        B        C        D        E       F      G
               +--------+--------+--------+--------+--------+-----+--------+
         Total |   6660 |   6345 |    315 |   1418 |   4108 |   5 | 1332.0 |
       Dungeon |   6520 |   6205 |    315 |   1318 |   4071 |   4 | 1630.0 |
         Abyss |    140 |    140 |      0 |    100 |     37 |   1 |  140.0 |
               +--------+--------+--------+--------+--------+-----+--------+

Top non-repeatable levels by time:
     D:3: 2083 daAuts
     D:2: 2003 daAuts
     D:1: 1810 daAuts
     D:4: 622 daAuts
 Abyss:1: 140 daAuts
